[Event "Titled Tuesday Blitz July 4 Early 2023"]
[White "robertoalejandro10"]
[Black "Lopez Del Alamo, Antonio"]
[BlackFideId "2227339"]
[WhiteElo "2526"]
[BlackElo "2317"]
[Result "1-0"]
[Round "2"]
[TimeControl "180+2"]
[Date "2023.07.04"]
[WhiteClock "0:00:16"]
[BlackClock "0:00:00"]
[Board "174"]

1. d4 Nf6 2. Nf3 g6 3. Bg5 Bg7 4. Nbd2 O-O 5. c3 d5 6. e3 c5 7. Bd3 Nc6 8. O-O Qc7 9. Re1 e5 10. dxe5 Nxe5 11. Nxe5 Qxe5 12. Bf4 Qe7 13. h3 Be6 14. Nf3 Rfd8 15. Qe2 h6 16. Bh2 Ne4 17. Rad1 f5 18. Nd2 Rac8 19. c4 Nxd2 20. Rxd2 dxc4 21. Bxc4 Rxd2 22. Bxe6+ Qxe6 23. Qxd2 Qxa2 24. Qd7 Rf8 25. Bd6 Qf7 26. Qb5 Rc8 27. Bxc5 Qd5 28. b4 b6 29. Qa6 Re8 30. Qa4 Kf7 31. Rd1 Qe6 32. Qxa7+ Kg8 33. Qxb6 Qe4 34. Qd6 Re6 35. Qd5 g5 36. Qxe4 fxe4 37. Rb1 Be5 38. b5 Bb8 39. b6 Kf7 40. b7 Ke8 41. Kf1 1-0


[Site "https://www.chess.com"]

[Event "Titled Tuesday Blitz July 4 Early 2023"]
[White "Coelho, Ramyres Santana"]
[Black "Papayan, Oleg"]
[WhiteFideId "2120690"]
[BlackFideId "4193911"]
[WhiteElo "2315"]
[BlackElo "2525"]
[Result "0-1"]
[Round "2"]
[TimeControl "180+2"]
[Date "2023.07.04"]
[WhiteClock "0:00:22"]
[BlackClock "0:00:22"]
[Board "175"]

1. e4 e5 2. Nf3 Nc6 3. d4 exd4 4. Bc4 Nf6 5. e5 d5 6. Bb5 Ne4 7. Nxd4 Bc5 8. Nxc6 Bxf2+ 9. Kf1 bxc6 10. Bxc6+ Kf8 11. Qd3 Bf5 12. Qf3 Bg6 13. Bxa8 Qxa8 14. Nc3 Bb6 15. Nxe4 Bxe4 16. Qe2 f5 17. exf6 gxf6 18. Bh6+ Ke7 19. Re1 Rg8 20. Bf4 Kd7 21. Bg3 f5 22. Qb5+ c6 23. Qb4 Rg6 24. c4 f4 25. Rxe4 dxe4 26. Bxf4 Qg8 27. Qd2+ Kc8 28. b3 e3 29. Bxe3 Rf6+ 30. Ke1 Re6 31. c5 Bxc5 32. Kd1 Bxe3 33. Qe2 Qg6 34. Qa6+ Kb8 35. Qc4 Qb1+ 36. Ke2 Qb2+ 37. Kf3 Qf2+ 38. Kg4 Rg6+ 39. Kh5 Rg5+ 40. Kh6 Qf6+ 41. Kxh7 Qg7# 0-1


[Site "https://www.chess.com"]

[Event "Titled Tuesday Blitz July 4 Early 2023"]
[White "Juknis, Paulius"]
[Black "Horobetz, Graham"]
[WhiteFideId "12802247"]
[BlackFideId "2047322"]
[WhiteElo "2310"]
[BlackElo "2524"]
[Result "1-0"]
[Round "2"]
[TimeControl "180+2"]
[Date "2023.07.04"]
[WhiteClock "0:00:23"]
[BlackClock "0:00:10"]
[Board "176"]

1. e4 c5 2. Nc3 g6 3. d4 cxd4 4. Qxd4 Nf6 5. Be3 Nc6 6. Qd2 Ng4 7. Bf4 Bg7 8. f3 Nge5 9. O-O-O d6 10. Bh6 O-O 11. h4 Bxh6 12. Qxh6 f6 13. Nge2 Be6 14. Nf4 Nf7 15. Nxe6 Nxh6 16. Nxd8 Rfxd8 17. Bc4+ Kg7 18. g4 Ne5 19. Be2 Rac8 20. g5 Nhf7 21. f4 Nc4 22. Rd3 Nb6 23. Bg4 Rc5 24. Nd5 Nxd5 25. Rxd5 Rxd5 26. exd5 f5 27. Bf3 Rc8 28. Re1 Rc7 29. h5 gxh5 30. Bxh5 Nh8 31. Be2 Ng6 32. Rf1 Rc5 33. c4 b5 34. b3 b4 35. Bd3 Rc8 36. Bxf5 Rf8 37. Bxg6 Kxg6 38. Kd2 h6 39. gxh6 Rh8 40. Rg1+ Kf6 41. Rh1 Kg6 42. Ke3 Kh7 43. Ke4 Rg8 44. Kf5 Rg2 45. Ke6 Re2+ 46. Kd7 a5 47. f5 Re5 48. f6 exf6 49. Kxd6 Re2 50. c5 Rxa2 51. c6 Rc2 52. c7 a4 53. bxa4 b3 54. Rb1 b2 55. Rxb2 1-0


[Site "https://www.chess.com"]

[Event "Titled Tuesday Blitz July 4 Early 2023"]
[White "Vaglio Munoz, Jaime"]
[Black "Rutvij09"]
[WhiteFideId "6500145"]
[WhiteElo "2310"]
[BlackElo "2524"]
[Result "0-1"]
[Round "2"]
[TimeControl "180+2"]
[Date "2023.07.04"]
[WhiteClock "0:00:00"]
[BlackClock "0:00:56"]
[Board "177"]

1. Nf3 d5 2. c4 d4 3. b4 g6 4. Bb2 Bg7 5. d3 a5 6. b5 e5 7. g3 Ne7 8. Bg2 O-O 9. O-O Nd7 10. Ba3 Re8 11. Bxe7 Qxe7 12. a4 Nc5 13. Qc2 h6 14. Nbd2 f5 15. Rfe1 e4 16. Nb3 exf3 17. Bxf3 g5 18. h3 Nxb3 19. Qxb3 Qc5 20. Rab1 Rb8 21. b6 c6 22. Kg2 Bd7 23. Qc2 Re5 24. Qd2 Rbe8 25. g4 Bf8 26. Rh1 Qd6 27. Rbc1 Qf6 28. c5 Bxc5 29. Qxa5 Ba3 30. Qd2 Bxc1 31. Qxc1 fxg4 32. hxg4 Rxe2 33. Bxe2 Rxe2 34. Rf1 Bxg4 35. Qc4+ Kg7 36. Kg1 Bh3 0-1


[Site "https://www.chess.com"]

[Event "Titled Tuesday Blitz July 4 Early 2023"]
[White "Yelisieiev, Yevhenii"]
[Black "Sokolov, Andrei"]
[WhiteFideId "14139642"]
[BlackFideId "11600306"]
[WhiteElo "2522"]
[BlackElo "2308"]
[Result "1-0"]
[Round "2"]
[TimeControl "180+2"]
[Date "2023.07.04"]
[WhiteClock "0:00:46"]
[BlackClock "0:00:00"]
[Board "178"]

1. d4 d5 2. c4 c6 3. Nc3 Nf6 4. Nf3 e6 5. Bg5 Nbd7 6. e3 Qa5 7. cxd5 exd5 8. Nd2 Bd6 9. Bd3 O-O 10. O-O Qc7 11. f4 Re8 12. Rf3 h6 13. Rh3 hxg5 14. fxg5 Ne4 15. Qh5 Kf8 16. Ndxe4 dxe4 17. Nxe4 Ke7 18. Rf1 Rf8 19. Rhf3 g6 20. Qh7 Kd8 21. Rxf7 Rxf7 22. Rxf7 Nb6 23. Qg8+ 1-0


[Site "https://www.chess.com"]

[Event "Titled Tuesday Blitz July 4 Early 2023"]
[White "Shuvalov, Evgenij"]
[Black "Freile Martin, Javier"]
[WhiteFideId "4187237"]
[BlackFideId "3600165"]
[WhiteElo "2522"]
[BlackElo "2307"]
[Result "1-0"]
[Round "2"]
[TimeControl "180+2"]
[Date "2023.07.04"]
[WhiteClock "0:00:02"]
[BlackClock "0:00:00"]
[Board "179"]

1. d4 Nf6 2. c4 g6 3. Nc3 Bg7 4. e4 d6 5. Nf3 O-O 6. Be2 Na6 7. O-O e5 8. d5 Nc5 9. Nd2 a5 10. f3 c6 11. Nb3 Nfd7 12. Be3 Nxb3 13. axb3 c5 14. Nb5 Nb6 15. Qd2 a4 16. b4 Nd7 17. Nxd6 cxb4 18. Qxb4 f5 19. Nxc8 Qxc8 20. c5 Rf6 21. Rfc1 Bf8 22. Bb5 b6 23. Bxd7 Qxd7 24. d6 bxc5 25. Bxc5 Bxd6 26. Rd1 Bxc5+ 27. Qxc5 Qa7 28. Rd8+ Kg7 29. Qxa7+ Rxa7 30. Rad1 Rb6 31. R1d7+ Rxd7 32. Rxd7+ Kf6 33. Ra7 Rxb2 34. Rxa4 h5 35. h4 Rd2 36. Kh2 fxe4 37. Rxe4 Kf5 38. Kg3 Rd4 39. Re2 Rd3 40. Kh3 1-0


[Site "https://www.chess.com"]

[Event "Titled Tuesday Blitz July 4 Early 2023"]
[White "Acikel, Mert"]
[Black "Kuzmin, Roman"]
[WhiteFideId "12956465"]
[BlackFideId "44134932"]
[WhiteElo "2303"]
[BlackElo "2521"]
[Result "0-1"]
[Round "2"]
[TimeControl "180+2"]
[Date "2023.07.04"]
[WhiteClock "0:00:00"]
[BlackClock "0:00:10"]
[Board "180"]

1. e4 c5 2. Nf3 d6 3. Bb5+ Bd7 4. c4 Nf6 5. Nc3 g6 6. O-O Bg7 7. Bxd7+ Qxd7 8. d4 cxd4 9. Nxd4 O-O 10. Be3 Nc6 11. Nxc6 bxc6 12. Rc1 Qb7 13. b3 c5 14. Qd3 Ng4 15. Bf4 Ne5 16. Qd2 Rfe8 17. h3 a5 18. Be3 Nd7 19. f4 Bxc3 20. Qxc3 Qxe4 21. Rce1 Qf5 22. Qd2 a4 23. g4 Qf6 24. f5 axb3 25. fxg6 Qxg6 26. axb3 Rab8 27. Qc3 Qg7 28. Qd3 Ne5 29. Qc2 Qg6 30. Qc3 Qd3 31. Qxd3 Nxd3 32. Rd1 Rxb3 33. Bh6 f6 34. Rf3 Nc1 35. Rf2 Nd3 36. Rf3 Nb2 37. Rxb3 Nxd1 38. Kf1 Ra8 39. Ke2 Ra1 40. h4 Kf7 41. h5 Ke6 42. Bf4 Rb1 43. Ra3 Nb2 44. Rb3 Na4 45. Re3+ Kf7 46. Ra3 Nb6 47. Ra7 Nxc4 48. Kd3 Rb4 49. Bc1 Ne5+ 50. Ke2 Rxg4 0-1


[Site "https://www.chess.com"]

[Event "Titled Tuesday Blitz July 4 Early 2023"]
[White "Lana Rodriguez, David"]
[Black "Castillo Sevilla, Ian Eiffel"]
[WhiteFideId "2270803"]
[BlackFideId "6104207"]
[WhiteElo "2520"]
[BlackElo "2299"]
[Result "1-0"]
[Round "2"]
[TimeControl "180+2"]
[Date "2023.07.04"]
[WhiteClock "0:01:54"]
[BlackClock "0:00:12"]
[Board "181"]

1. e4 c5 2. Nf3 g6 3. d4 cxd4 4. Qxd4 Nf6 5. Nc3 Nc6 6. Qa4 d6 7. e5 dxe5 8. Nxe5 Bd7 9. Nxd7 Qxd7 10. Bb5 Bg7 11. Be3 O-O 12. Rd1 Qg4 13. Bxc6 bxc6 14. Qxg4 Nxg4 15. Bd4 Rfd8 16. Bxg7 Rxd1+ 17. Nxd1 Kxg7 18. Ke2 Rb8 19. b3 Rb5 20. h3 Nf6 21. Ne3 Ra5 22. a4 Nd5 23. Nc4 Rc5 24. g3 Nb6 25. Ne3 Nd5 26. c4 Nb6 27. Rd1 Rh5 28. h4 h6 29. Rd8 g5 30. hxg5 Rxg5 31. f4 Rh5 32. Kf3 e6 33. Kg4 Rh2 34. a5 Rb2 35. axb6 axb6 36. Rd3 1-0


[Site "https://www.chess.com"]

[Event "Titled Tuesday Blitz July 4 Early 2023"]
[White "Rangel, Daniel"]
[Black "Vasques, Antonio Pedro Freixial"]
[WhiteFideId "2124475"]
[BlackFideId "1908332"]
[WhiteElo "2520"]
[BlackElo "2296"]
[Result "0-1"]
[Round "2"]
[TimeControl "180+2"]
[Date "2023.07.04"]
[WhiteClock "0:00:56"]
[BlackClock "0:01:30"]
[Board "182"]

1. c4 b6 2. Nf3 Bb7 3. g3 Bxf3 4. exf3 c5 5. Bg2 Nc6 6. O-O g6 7. f4 Bg7 8. Nc3 Rc8 9. b3 e6 10. Bb2 Nge7 11. Nb5 Bxb2 12. Nd6+ Kf8 13. Nxc8 Qxc8 14. Rb1 Bf6 15. a3 Kg7 16. b4 cxb4 17. axb4 Nd4 18. d3 h5 19. Ra1 Qc7 20. Ra2 a5 21. bxa5 bxa5 22. Qa4 Nec6 23. Rb1 Rb8 24. Re1 h4 25. c5 Rb3 26. Bxc6 Qxc6 27. Qxc6 Nxc6 28. Rd1 Bd4 29. Kg2 Rb2 30. Rxb2 Bxb2 31. Rb1 Bd4 32. Rb7 a4 33. Rb6 Bxc5 34. Ra6 a3 35. gxh4 Kf6 36. Kf3 Nd4+ 37. Ke4 d5+ 38. Ke3 Nb3+ 39. Kf3 Nc1 40. Ra5 a2 0-1


[Site "https://www.chess.com"]

[Event "Titled Tuesday Blitz July 4 Early 2023"]
[White "Kirillov, Dmitry"]
[Black "Rodriguez Santiago, Jaime"]
[WhiteFideId "34180572"]
[BlackFideId "3100898"]
[WhiteElo "2518"]
[BlackElo "2294"]
[Result "0-1"]
[Round "2"]
[TimeControl "180+2"]
[Date "2023.07.04"]
[WhiteClock "0:00:00"]
[BlackClock "0:00:27"]
[Board "183"]

1. d4 Nf6 2. c4 e6 3. Nf3 d5 4. e3 c5 5. Nc3 Nc6 6. a3 cxd4 7. exd4 Be7 8. c5 a5 9. Bb5 O-O 10. Bg5 Bd7 11. O-O h6 12. Bxf6 Bxf6 13. Bxc6 Bxc6 14. b4 axb4 15. axb4 Rxa1 16. Qxa1 Qd7 17. Qa5 Bd8 18. Qa7 f6 19. Ra1 Bc7 20. Rb1 Bb5 21. Qxb7 Rb8 22. Qa7 e5 23. Nxb5 Rxb5 24. dxe5 fxe5 25. Nxe5 Qf5 26. Re1 Bxe5 27. Qa8+ Kh7 28. g3 Bd4 29. Qa2 Rxb4 30. c6 Rb2 0-1


[Site "https://www.chess.com"]

[Event "Titled Tuesday Blitz July 4 Early 2023"]
[White "Lehtosaari, Mauri"]
[Black "Skuhala, Barbara"]
[WhiteFideId "501999"]
[BlackFideId "14605465"]
[WhiteElo "2516"]
[BlackElo "2292"]
[Result "1/2-1/2"]
[Round "2"]
[TimeControl "180+2"]
[Date "2023.07.04"]
[WhiteClock "0:00:38"]
[BlackClock "0:00:47"]
[Board "184"]

1. d4 Nf6 2. Nf3 e6 3. Bg5 d5 4. Nbd2 Be7 5. e3 b6 6. Bd3 Ba6 7. Bxa6 Nxa6 8. Ne5 Nb8 9. O-O Nfd7 10. Bxe7 Qxe7 11. f4 O-O 12. Rf3 f6 13. Nxd7 Nxd7 14. Rh3 e5 15. Qh5 g6 16. Qh4 Rf7 17. Rg3 Re8 18. Nf1 exd4 19. exd4 f5 20. Qxe7 Rfxe7 21. Rc3 Nf6 22. Nd2 Ne4 23. Nxe4 dxe4 24. Kf2 Rd7 25. Rc4 Red8 26. c3 c5 27. Ke3 cxd4+ 28. cxd4 b5 29. Rb4 a5 30. Rxb5 Rxd4 31. Re1 Rd3+ 32. Kf2 R8d5 33. Rb8+ Kg7 34. Rb7+ Kh6 35. Re3 Rxe3 36. Kxe3 Rc5 37. Kd2 Rd5+ 38. Ke2 Rc5 39. Kd2 Rd5+ 40. Ke2 Rc5 41. Kd2 1/2-1/2


[Site "https://www.chess.com"]

[Event "Titled Tuesday Blitz July 4 Early 2023"]
[White "Di Nicolantonio, Lucas"]
[Black "Kuchava, Ana"]
[WhiteFideId "680460"]
[BlackFideId "13605348"]
[WhiteElo "2513"]
[BlackElo "2289"]
[Result "1-0"]
[Round "2"]
[TimeControl "180+2"]
[Date "2023.07.04"]
[WhiteClock "0:02:31"]
[BlackClock "0:00:14"]
[Board "185"]

1. Nf3 d5 2. e3 c5 3. b3 Nc6 4. Bb2 Nf6 5. Bb5 Bd7 6. O-O a6 7. Be2 Qc7 8. c4 e5 9. cxd5 Nxd5 10. d3 Be7 11. Nbd2 O-O 12. Rc1 b5 13. Ne4 Qb6 14. d4 exd4 15. exd4 cxd4 16. Nxd4 Nxd4 17. Bxd4 Qe6 18. Bf3 Rac8 19. Nc5 Bd6 20. Nxe6 1-0


[Site "https://www.chess.com"]

[Event "Titled Tuesday Blitz July 4 Early 2023"]
[White "Biriukov, Ilja"]
[Black "feuervogel1000000"]
[WhiteFideId "4113373"]
[WhiteElo "2289"]
[BlackElo "2512"]
[Result "0-1"]
[Round "2"]
[TimeControl "180+2"]
[Date "2023.07.04"]
[WhiteClock "0:00:31"]
[BlackClock "0:01:41"]
[Board "186"]

1. c4 Nf6 2. Nc3 e6 3. Nf3 d5 4. cxd5 exd5 5. d4 Be7 6. Bg5 O-O 7. e3 c6 8. Qc2 Re8 9. Bd3 Nbd7 10. O-O Nf8 11. h3 Ne4 12. Bxe7 Qxe7 13. Rab1 a5 14. a3 Nd6 15. b4 axb4 16. axb4 Qf6 17. Ne5 Ng6 18. Nxg6 hxg6 19. b5 Bf5 20. bxc6 bxc6 21. Bxf5 gxf5 22. g3 Nc4 23. Rb7 Qg5 24. Kh2 Ra3 25. Na4 Nxe3 26. fxe3 Rexe3 27. Rb8+ Kh7 28. Qxf5+ Qxf5 29. Rxf5 Re2+ 30. Kg1 Ra1+ 31. Rf1 Rxa4 32. Rxf7 Rxd4 33. Kf1 Rh2 34. Kg1 Rxh3 35. Kg2 Rh6 36. Rc8 Rc4 37. Rff8 Rf6 38. Rh8+ Kg6 39. Rc7 d4 40. Rg8 Rf7 0-1


[Site "https://www.chess.com"]

[Event "Titled Tuesday Blitz July 4 Early 2023"]
[White "Jovic, Stanoje"]
[Black "Zaksaite, Salomeja"]
[WhiteFideId "905020"]
[BlackFideId "12801496"]
[WhiteElo "2511"]
[BlackElo "2286"]
[Result "1-0"]
[Round "2"]
[TimeControl "180+2"]
[Date "2023.07.04"]
[WhiteClock "0:00:12"]
[BlackClock "0:00:00"]
[Board "187"]

1. c4 e5 2. g3 Nc6 3. Bg2 f5 4. Nh3 Nf6 5. O-O Bc5 6. e3 a6 7. d4 exd4 8. exd4 Nxd4 9. Re1+ Ne6 10. Nc3 O-O 11. Nd5 c6 12. Nxf6+ Qxf6 13. Rb1 a5 14. b3 d6 15. Bb2 Qf7 16. a3 Bd7 17. Qd2 f4 18. b4 axb4 19. axb4 Bb6 20. gxf4 Nxf4 21. Nxf4 Qxf4 22. Qxf4 Rxf4 23. c5 dxc5 24. Re7 Bf5 25. Rxg7+ Kf8 26. Rf1 Rxb4 27. Bf6 c4 28. Rg5 Bd3 29. Bh3 Kf7 30. Bc3 Rb3 31. Rg7+ Kf8 32. Bf6 Bd8 33. Be5 Bxf1 34. Be6 Bd3 35. Rf7+ Ke8 36. Rg7 1-0


[Site "https://www.chess.com"]

[Event "Titled Tuesday Blitz July 4 Early 2023"]
[White "Osinovsky, Stepan"]
[Black "Principe, Alexander"]
[WhiteFideId "4157354"]
[BlackFideId "3804542"]
[WhiteElo "2286"]
[BlackElo "2511"]
[Result "1-0"]
[Round "2"]
[TimeControl "180+2"]
[Date "2023.07.04"]
[WhiteClock "0:01:19"]
[BlackClock "0:01:03"]
[Board "188"]

1. Nf3 Nf6 2. g3 g6 3. Bg2 Bg7 4. O-O O-O 5. d3 d6 6. e4 c6 7. Re1 Bg4 8. h3 Bxf3 9. Qxf3 Nbd7 10. a4 Qc7 11. a5 Rfe8 12. Nd2 Rad8 13. Nc4 h6 14. Be3 c5 15. Bd2 e6 16. e5 Nxe5 17. Nxe5 dxe5 18. Qxb7 Qxb7 19. Bxb7 Nd5 20. Re4 f5 21. Rc4 Re7 22. a6 Bf8 23. Rxc5 Nb6 24. Rc6 e4 25. Be3 Nd5 26. Bxa7 exd3 27. cxd3 Nb4 28. Bb6 Rde8 29. Rc8 Nd5 30. Rxe8 Rxe8 31. Bxd5 exd5 32. a7 Ra8 33. Ra5 1-0


[Site "https://www.chess.com"]

[Event "Titled Tuesday Blitz July 4 Early 2023"]
[White "Korkmaz, Necmettin"]
[Black "Kostiukov, Alexandr"]
[WhiteFideId "6303285"]
[BlackFideId "14108100"]
[WhiteElo "2511"]
[BlackElo "2285"]
[Result "1/2-1/2"]
[Round "2"]
[TimeControl "180+2"]
[Date "2023.07.04"]
[WhiteClock "0:00:22"]
[BlackClock "0:00:03"]
[Board "189"]

1. e4 c5 2. Nc3 g6 3. f4 Bg7 4. Nf3 Nc6 5. Bc4 e6 6. d3 Nge7 7. O-O d5 8. Bb3 dxe4 9. Nxe4 O-O 10. Qe1 Nf5 11. Kh1 b6 12. Qf2 Ncd4 13. Nxd4 Bxd4 14. Qf3 Rb8 15. c3 Bg7 16. Qh3 h5 17. Bd2 Ba6 18. Bc4 b5 19. Bb3 Qd7 20. Rad1 c4 21. Nc5 Qc6 22. Nxa6 Qxa6 23. Bc2 Qxa2 24. Bc1 cxd3 25. Bxd3 Rfd8 26. Qf3 a6 27. h3 Qd5 28. Be4 Qc4 29. Bxf5 exf5 30. Rfe1 b4 31. cxb4 Qxb4 32. Qc6 a5 33. Qc7 Rxd1 34. Rxd1 Bxb2 35. Bxb2 Qxb2 36. Qxa5 Qb4 37. Qe5 Rc8 38. Rd7 Qc3 39. Rd8+ Kh7 40. Rh8+ Rxh8 41. Qxc3 Re8 42. Qf6 Kg8 43. Kh2 Re6 44. Qd4 Re4 45. Qd6 Re6 46. Qc5 Kg7 47. Kg3 Re4 48. Qd6 Kg8 49. Kh4 Re6 50. Qd4 Re4 51. Qd8+ Kg7 52. Kg5 Re6 53. Qd7 Ra6 54. g3 Re6 55. Qd4+ Kh7 56. g4 hxg4 57. hxg4 fxg4 58. Qd7 Kg7 59. Kxg4 Ra6 60. Qd4+ Kg8 61. Kg5 Ra5+ 62. Kg4 Rf5 63. Qd8+ Kg7 64. Qd3 Kg8 65. Qc3 Kh7 66. Qc8 Kg7 67. Qd7 Kh7 68. Qxf5 gxf5+ 69. Kxf5 Kg7 70. Kg5 f6+ 71. Kh5 Kh7 72. Kh4 Kh6 73. f5 Kg7 74. Kg4 Kh6 75. Kh4 Kg7 76. Kh5 Kh7 77. Kg4 Kh6 78. Kh4 1/2-1/2


[Site "https://www.chess.com"]

[Event "Titled Tuesday Blitz July 4 Early 2023"]
[White "agvania123"]
[Black "Besedes, Danilo"]
[BlackFideId "946796"]
[WhiteElo "2276"]
[BlackElo "2510"]
[Result "0-1"]
[Round "2"]
[TimeControl "180+2"]
[Date "2023.07.04"]
[WhiteClock "0:00:09"]
[BlackClock "0:01:13"]
[Board "190"]

1. Nf3 d6 2. c4 Nf6 3. Nc3 Nbd7 4. b3 e5 5. Bb2 Be7 6. e3 O-O 7. Qc2 c6 8. Be2 Qc7 9. O-O Re8 10. d4 Nf8 11. dxe5 dxe5 12. Rfd1 Ng6 13. h3 h6 14. Bd3 Nf8 15. Ne4 Nxe4 16. Bxe4 Bc5 17. Bf5 Bxf5 18. Qxf5 e4 19. Ne5 b6 20. Nd7 Rad8 21. Nxc5 bxc5 22. Qxc5 Rxd1+ 23. Rxd1 Ne6 24. Qf5 Rd8 25. Rxd8+ Qxd8 26. Qe5 Qd1+ 27. Kh2 Qc2 28. Qb8+ Kh7 29. Qe5 Qxf2 30. Qxe4+ Kg8 31. Qe5 Qc2 32. Bd4 Qxa2 33. c5 Qxb3 34. Qd6 Qb7 35. Qe5 a5 36. Bc3 a4 37. Qe4 Qa6 38. Bb4 a3 39. Qb1 a2 40. Qa1 Qa4 41. Bc3 Qc2 42. Bb2 Qb1 43. Bd4 Nxd4 44. Qxd4 a1=Q 45. Qd8+ Kh7 46. Qc8 Qg1+ 47. Kg3 Qe5+ 48. Kf3 Qf1+ 49. Kg4 h5+ 50. Kh4 Qff6# 0-1


[Site "https://www.chess.com"]

[Event "Titled Tuesday Blitz July 4 Early 2023"]
[White "Namitbir Singh Walia"]
[Black "Mindhunter08"]
[WhiteFideId "35071068"]
[WhiteElo "2510"]
[BlackElo "2272"]
[Result "1-0"]
[Round "2"]
[TimeControl "180+2"]
[Date "2023.07.04"]
[WhiteClock "0:00:12"]
[BlackClock "0:00:02"]
[Board "191"]

1. e4 e5 2. Nf3 Nc6 3. Bb5 a6 4. Ba4 Nf6 5. O-O Be7 6. Re1 b5 7. Bb3 d6 8. c3 O-O 9. h3 Nb8 10. d4 Nbd7 11. c4 c6 12. a3 Qc7 13. Nc3 Bb7 14. d5 bxc4 15. Bxc4 Nb6 16. Ba2 cxd5 17. exd5 Rac8 18. Bg5 h6 19. Bh4 Qb8 20. Rc1 Qa8 21. Bxf6 Bxf6 22. Qb3 Qa7 23. Red1 Be7 24. Bb1 f5 25. Nxe5 Bg5 26. Nc6 Bxc6 27. dxc6+ Kh8 28. Rc2 Rxc6 29. Nb5 Qa8 30. Nxd6 Rxc2 31. Bxc2 Qb8 32. Nf7+ Kh7 33. Bxf5+ g6 34. Bxg6+ Kxg6 35. Rd6+ Kg7 36. Rxb6 Qf4 37. Nxg5 Qxf2+ 38. Kh2 hxg5 39. Rb7+ Kh6 40. Qb6+ Qxb6 41. Rxb6+ Kh5 42. Rxa6 Rf2 43. b4 Ra2 44. Rb6 Rxa3 45. g4+ Kh4 46. Rh6# 1-0


[Site "https://www.chess.com"]

[Event "Titled Tuesday Blitz July 4 Early 2023"]
[White "Belov, Alexei"]
[Black "Martin, Lewis"]
[WhiteFideId "4128206"]
[BlackFideId "410551"]
[WhiteElo "2508"]
[BlackElo "2267"]
[Result "1-0"]
[Round "2"]
[TimeControl "180+2"]
[Date "2023.07.04"]
[WhiteClock "0:00:13"]
[BlackClock "0:00:02"]
[Board "192"]

1. e4 c5 2. Nf3 d6 3. d4 cxd4 4. Nxd4 Nf6 5. Nc3 a6 6. Be2 e5 7. Nb3 Be7 8. O-O O-O 9. Kh1 b5 10. a4 b4 11. Nd5 Nxe4 12. Bf3 Bf5 13. Nxe7+ Qxe7 14. Qd5 Nd7 15. Bxe4 Nf6 16. Qxa8 Rxa8 17. Bxa8 Bxc2 18. Nd2 d5 19. a5 Qe8 20. Bb7 Qb5 21. Bc8 Ne4 22. Kg1 Bd3 23. Re1 Nd6 24. Bg4 f5 25. Bd1 e4 26. Nb3 Qd7 27. Nd4 h6 28. Bf4 Nc4 29. b3 g5 30. Bc1 Ne5 31. Bb2 f4 32. Rc1 f3 33. gxf3 Qh3 34. fxe4 dxe4 35. Rc7 Nf3+ 36. Nxf3 Qg4+ 37. Kh1 Be2 38. Bxe2 exf3 39. Bc4+ Kf8 40. Bg7# 1-0


[Site "https://www.chess.com"]

[Event "Titled Tuesday Blitz July 4 Early 2023"]
[White "Tifferet, Shaked"]
[Black "laimis61"]
[WhiteFideId "2811529"]
[WhiteElo "2506"]
[BlackElo "2266"]
[Result "1-0"]
[Round "2"]
[TimeControl "180+2"]
[Date "2023.07.04"]
[WhiteClock "0:00:28"]
[BlackClock "0:00:35"]
[Board "193"]

1. d4 d5 2. c3 Nf6 3. h3 g6 4. Bf4 Bg7 5. Nf3 O-O 6. e3 b6 7. Nbd2 c5 8. a4 Bb7 9. a5 Nc6 10. a6 Bc8 11. Bd3 Nd7 12. Bb5 Ncb8 13. O-O f6 14. e4 e5 15. Be3 cxd4 16. cxd4 exd4 17. Nxd4 Nc5 18. exd5 Nbxa6 19. Nc6 Qc7 20. b4 f5 21. bxc5 Bxa1 22. Qxa1 Nxc5 23. Bxc5 bxc5 24. d6 Qxd6 25. Nc4 Qc7 26. N4e5 Be6 27. Rc1 a6 28. Bc4 Bxc4 29. Rxc4 Qd6 30. Qc1 a5 31. Rxc5 a4 32. Qc4+ Kg7 33. Rd5 Qf6 34. Rd7+ Kh8 35. Nf7+ Rxf7 36. Rxf7 Qa1+ 37. Kh2 a3 38. Qb4 Qc1 39. Qd4+ Kg8 40. Qg7# 1-0


[Site "https://www.chess.com"]

[Event "Titled Tuesday Blitz July 4 Early 2023"]
[White "Slovineanu, Viacheslav"]
[Black "Pham, Le Thao Nguyen"]
[WhiteFideId "13900510"]
[BlackFideId "12401226"]
[WhiteElo "2264"]
[BlackElo "2505"]
[Result "1-0"]
[Round "2"]
[TimeControl "180+2"]
[Date "2023.07.04"]
[WhiteClock "0:00:12"]
[BlackClock "0:00:00"]
[Board "194"]

1. d4 d5 2. Nf3 Nf6 3. c4 dxc4 4. e3 Bg4 5. Bxc4 e6 6. Nbd2 Nbd7 7. O-O Be7 8. b3 O-O 9. Bb2 Nb6 10. Be2 Nbd5 11. Nc4 c6 12. Nce5 Bh5 13. h3 Ne4 14. Rc1 Bd6 15. Nc4 Bc7 16. Nfd2 Nxd2 17. Nxd2 Bg6 18. g3 a5 19. e4 Ne7 20. Bf3 a4 21. Bg2 axb3 22. axb3 Ra2 23. Rc2 Ba5 24. Nc4 Bb4 25. Bc3 Rxc2 26. Qxc2 Bxc3 27. Qxc3 Qc7 28. Ra1 Rd8 29. Ra7 h6 30. Qb4 Rb8 31. Nd6 Nc8 32. Nxc8 Qxc8 33. Qb6 Qd7 34. b4 f5 35. e5 Qc8 36. b5 cxb5 37. Qxb5 Be8 38. Qb6 Qc1+ 39. Kh2 Qd2 40. Qxe6+ Bf7 41. Qxf5 Qxd4 42. e6 Qxa7 43. Qxf7+ Kh8 44. Be4 Qc5 45. e7 1-0


[Site "https://www.chess.com"]

[Event "Titled Tuesday Blitz July 4 Early 2023"]
[White "Mica, Marek"]
[Black "rionelG"]
[WhiteFideId "382884"]
[WhiteElo "2505"]
[BlackElo "2264"]
[Result "0-1"]
[Round "2"]
[TimeControl "180+2"]
[Date "2023.07.04"]
[WhiteClock "0:00:00"]
[BlackClock "0:00:06"]
[Board "195"]

1. d4 Nf6 2. c4 g6 3. h4 h6 4. Nc3 Bg7 5. e4 d6 6. Be2 O-O 7. h5 g5 8. Be3 c5 9. d5 e6 10. Qd2 exd5 11. exd5 Bf5 12. f3 Re8 13. g4 Bh7 14. Nh3 Nbd7 15. Nf2 Qe7 16. Nfd1 a6 17. a4 Ne5 18. Ra3 Rab8 19. a5 b6 20. axb6 Rxb6 21. Ra4 Reb8 22. Kf2 Rb4 23. Rxb4 Rxb4 24. Re1 Nfd7 25. Kg2 Qd8 26. Nf2 Qb6 27. Nce4 Rxb2 28. Qc1 a5 29. Bxg5 hxg5 30. Qxg5 Kh8 31. h6 Bf8 32. Nf6 Nxf6 33. Qxf6+ Kg8 34. Qg5+ Ng6 35. Ne4 Qb4 36. Nf6+ Kh8 37. Kf1 Qc3 38. Nh5 Qe5 39. Qxe5+ Nxe5 40. Ra1 Bd3 41. Bxd3 Nxd3 42. Rxa5 Bxh6 43. Ra8+ Kh7 44. Nf6+ Kg6 45. Ne4 Be3 0-1


[Site "https://www.chess.com"]

[Event "Titled Tuesday Blitz July 4 Early 2023"]
[White "Gogolev, Artem"]
[Black "Modric, Nesa"]
[WhiteFideId "4116615"]
[BlackFideId "922579"]
[WhiteElo "2504"]
[BlackElo "2261"]
[Result "1-0"]
[Round "2"]
[TimeControl "180+2"]
[Date "2023.07.04"]
[WhiteClock "0:00:15"]
[BlackClock "0:00:15"]
[Board "196"]

1. d4 e6 2. c4 d5 3. g3 Nf6 4. Nf3 Be7 5. Bg2 O-O 6. O-O Nbd7 7. Nbd2 c6 8. Qc2 b6 9. e4 dxe4 10. Nxe4 Nxe4 11. Qxe4 Bb7 12. Rd1 Rc8 13. Bf4 Nf6 14. Qc2 Bd6 15. Bxd6 Qxd6 16. c5 Qe7 17. Ne5 Nd5 18. a3 bxc5 19. dxc5 Ba6 20. Re1 f6 21. Nxc6 Rxc6 22. Bxd5 Rxc5 23. Bxe6+ Qxe6 24. Qxc5 Qb3 25. Rad1 Bb7 26. Qe3 Qb5 27. Qe6+ Kh8 28. Rd7 Bc8 29. Qe7 Rg8 30. Rd8 Bh3 31. Rxg8+ Kxg8 32. Qe8+ Qxe8 33. Rxe8+ Kf7 34. Ra8 h5 35. Rxa7+ Kg6 36. b4 Be6 37. a4 1-0


[Site "https://www.chess.com"]